 Dungeon Crawl Stone Soup version 0.21.1-1-g345015f (webtiles) character file.

462 suicidejoker the Sneak (level 7, -2/45 HPs)
             Began as an Octopode Transmuter on Mar 29, 2018.
             Slain by a sky beast (4 damage)
             ... on level 5 of the Dungeon.
             The game lasted 00:10:18 (4180 turns).

suicidejoker the Sneak (Octopode Transmuter)        Turns: 4180, Time: 00:10:19

Health: -2/45      AC:  1    Str: 10    XL:     7   Next: 7%
Magic:  9/11       EV: 14    Int: 15    God:
Gold:   97         SH:  2    Dex: 14    Spells: 8/11 levels left

rFire    . . .     SeeInvis .   s - +0 war axe (venom)
rCold    . . .     Gourm    .   (no shield)
rNeg     . . .     Faith    .   (helmet restricted)
rPois    +         Spirit   .   d - +2 amulet of reflection
rElec    .         Reflect  +   m - ring of stealth
rCorr    .         Harm     .   o - +2 ring of strength
MR       .....                  r - ring of poison resistance
Stlth    +++++.....             (no ring)
HPRegen  0.15/turn              (no ring)
MPRegen  0.12/turn              (no ring)
                                (no ring)
                                (no ring)

@: no status effects
A: almost no armour, stealthy swim, amphibious, 8 rings, constrict 8, camouflage
1, weak 1, wild magic 1, gelatinous body 1
a: no special abilities


You were on level 5 of the Dungeon.
You were not hungry.

You visited 1 branch of the dungeon, and saw 5 of its levels.

You collected 187 gold pieces.
You spent 90 gold pieces at shops.

Inventory:

Hand Weapons
 a - a +3 dagger of electrocution
 s - a +0 war axe of venom (weapon)
Missiles
 e - 35 poisoned needles
 f - 102 arrows
 h - 160 stones (quivered)
 q - 8 needles of sleeping
Jewellery
 d - a +2 amulet of reflection (around mantle)
 m - a ring of stealth (left tentacle)
 o - a +2 ring of strength (right tentacle)
 r - a ring of poison resistance (on tentacle)
Scrolls
 g - a scroll of amnesia
 j - a scroll of fog
 l - 3 scrolls of teleportation
Books
 b - a book of Changes

   Spells                             Type                      Level
   a - Beastly Appendage              Transmutation                1
   b - Sticks to Snakes               Transmutation                2
   c - Spider Form                    Transmutation/Poison         3
   d - Ice Form                       Ice/Transmutation            4
   e - Blade Hands                    Transmutation                5
Comestibles
 c - 10 rations
 k - a chunk of flesh


   Skills:
 + Level 2.2 Fighting
 * Level 2.6 Short Blades
 + Level 1.7 Throwing
 + Level 2.8 Dodging
 * Level 4.3 Stealth
 + Level 3.7 Unarmed Combat
 + Level 2.7 Spellcasting
 * Level 3.3 Transmutations


You had 8 spell levels left.
You knew the following spells:

 Your Spells              Type           Power        Failure   Level  Hunger
a - Beastly Appendage     Tmut           ###...       9%          1    #......
b - Sticks to Snakes      Tmut           ###.....     12%         2    ##.....


Dungeon Overview and Level Annotations

Branches:
Dungeon (5/15)
 Temple: D:4-7

Altars:
Hepliaklqana
Makhleb

Shops:
D:4 =


Innate Abilities, Weirdness & Mutations

You cannot wear most types of armour.
You are very stealthy in the water. (Stealth+)
You are amphibious.
You can wear up to eight rings at the same time.
You can use your tentacles to constrict eight enemies at once.
Your skin changes colour to match your surroundings (Stealth+).
Your rubbery body absorbs attacks. (AC +1, EV +1)
You are weak. (Str -2)
Your spells are a little harder to cast, but a little more powerful.


Message History

Something hits you. Something shocks you.
You barely miss something. You squeeze something.
A sky beast appears from thin air!
Reactivating autopickup.
You block the sky beast's attack.
It was a potion of magic.
Magic courses through your body. The sky beast hits you.
The sky beast shocks you.
* * * LOW HITPOINT WARNING * * *
Casting: Sticks to Snakes
Confirm with . or Enter, or press ? or * to list all spells.
You create a snake!
You now have 102 arrows.
The sky beast flickers out of sight!
Deactivating autopickup; reactivate with Ctrl-A.
Something hits you.
* * * LOW HITPOINT WARNING * * *
Something shocks you.
* * * LOW HITPOINT WARNING * * *
Your adder misses something. Something hits you.
You die...

##.## .....
#.#.# #
##....##
#.####......##
#.#...... ....
#....#.##...#
#........$.#
##...#@##..###
##.##........
#.##.###)###
#.##.## .#
#.#...# .#
#.#...##.#
#........####.
#....#........
#.....).......


There were no monsters in sight!

Vanquished Creatures
  The ghost of cheese the Firebug, an amateur NaFE (D:4)
  An ogre (D:4)
  A howler monkey (D:4)
  A hound (D:4)
  An orc wizard (D:3)
  3 worker ants
  3 adders
  An ooze (D:1)
  2 worms
  4 dart slugs
  5 leopard geckos
  6 orcs
  6 giant cockroaches
  3 hobgoblins (D:1)
  5 jackals
  10 kobolds
  5 bats
  5 frilled lizards
  6 goblins
  A jackal skeleton (D:4)
  5 rats
75 creatures vanquished.

Notes
Turn   | Place    | Note
-------+----------+-------------------------------------------
     0 | D:1      | suicidejoker the Octopode Transmuter began the quest for the Orb.
     0 | D:1      | Reached XP level 1. HP: 13/13 MP: 3/3
    21 | D:1      | Reached skill level 1 in Stealth
    21 | D:1      | Reached XP level 2. HP: 16/18 MP: 5/5
   694 | D:1      | Gained mutation: You are weak. (Str -2) [potion of mutation]
   694 | D:1      | Gained mutation: Your spells are a little harder to cast, but a little more powerful. [potion of mutation]
  1074 | D:2      | You fall through a shaft!
  1079 | D:3      | Reached XP level 3. HP: 14/23 MP: 6/6
  1462 | D:1      | Reached skill level 1 in Short Blades
  1788 | D:1      | Reached skill level 2 in Stealth
  2206 | D:2      | Reached XP level 4. HP: 27/28 MP: 7/7
  2376 | D:3      | Reached skill level 1 in Throwing
  2763 | D:3      | Found a burning altar of Makhleb.
  2889 | D:3      | Reached XP level 5. HP: 33/33 MP: 8/8
  2904 | D:3      | Reached skill level 3 in Stealth
  2925 | D:3      | Learned a level 2 spell: Sticks to Snakes
  2995 | D:3      | Found a hazy altar of Hepliaklqana.
  3090 | D:4      | Noticed an ogre
  3102 | D:4      | Killed an ogre
  3102 | D:4      | Reached XP level 6. HP: 15/39 MP: 5/9
  3341 | D:4      | Noticed cheese's ghost (amateur NaFE)
  3357 | D:4      | Killed cheese's ghost
  3575 | D:4      | Reached skill level 4 in Stealth
  3644 | D:4      | Found Jixec's Jewellery Shop.
  3656 | D:4      | Bought a +2 amulet of reflection for 90 gold pieces
  4080 | D:4      | Reached XP level 7. HP: 45/45 MP: 11/11
  4134 | D:5      | Entered Level 5 of the Dungeon
  4177 | D:5      | HP: 2/45 [something (5)]
  4180 | D:5      | Slain by a sky beast

Skill      XL: |  1  2  3  4  5  6 |
---------------+-------------------+-----
Stealth        | 1 2 3 4 |  4.3
Short Blades   | 1 2 |  2.6
Throwing       | 1 |  1.7
Fighting       | 2 |  2.2
Transmutations | 3 |  3.3
Dodging        | |  2.8
Unarmed Combat | |  3.7
Spellcasting   | |  2.7

Action                   |  1- 3 |  4- 6 |  7- 9 || total
-------------------------+-------+-------+-------++-------
Melee: Unarmed           |    18 |       |       ||    18
       Tentacles         |    17 |    12 |     2 ||    31
       Constrict         |    31 |    20 |       ||    51
       Dagger            |    91 |    94 |       ||   185
       Punch             |     1 |     3 |       ||     4
       Kick              |       |     1 |       ||     1
       War axe           |       |       |     5 ||     5
Throw: Stone             |       |    20 |       ||    20
       Tomahawk          |       |     3 |       ||     3
 Cast: Beastly Appendage |       |     1 |       ||     1
       Sticks to Snakes  |       |     2 |     1 ||     3
  Use: Potion            |     2 |     2 |     1 ||     5
       Scroll            |     4 |     5 |       ||     9
 Stab: Sleeping          |     5 |     5 |       ||    10
       Distracted        |       |     1 |       ||     1
  Eat: Chunk             |     4 |     6 |       ||    10
Armor: Skin              |     8 |     1 |       ||     9
Dodge: Dodged            |    98 |    50 |     2 ||   150
Block: Other             |       |     1 |     2 ||     3
